 Dungeon Crawl Stone Soup version 0.20.1-1-g8b1a95d (webtiles) character file.

1296 ReteAZ the Chopper (level 8, -2/50 HPs)
             Began as a Gargoyle Fighter on July 31, 2017.
             Slain by an orc warrior
             ... wielding a +0 glaive
              (17 damage)
             ... on level 6 of the Dungeon.
             The game lasted 00:13:02 (5357 turns).

ReteAZ the Chopper (Gargoyle Fighter)               Turns: 5357, Time: 00:13:03

Health: -2/50      AC: 15    Str: 22    XL:     8   Next: 56%
Magic:  8/8        EV:  7    Int:  9    God:
Gold:   61         SH:  9    Dex:  9    Spells: 7/7 levels left

rFire    . . .     SeeInvis .   a - +0 war axe
rCold    . . .     Gourm    .   c - +0 shield
rNeg     + . .     Faith    .   b - +0 scale mail
rPois    ∞         Spirit   .   (no helmet)
rElec    +         Reflect  .   y - +0 cloak
rCorr    .         Harm     .   e - +0 pair of gloves
MR       .....                  (no boots)
Stlth    +.........             (no amulet)
Regen    0.2/turn               x - ring of stealth
MPRegen  0.2/turn               (no ring)

@: no status effects
A: negative energy resistance 1, electricity resistance, unbreathing,
petrification resistance, rot immunity, AC +5
a: no special abilities


You were on level 6 of the Dungeon.
You were not hungry.

You visited 2 branches of the dungeon, and saw 7 of its levels.
You also visited: Sewer.

You collected 253 gold pieces.
You spent 192 gold pieces at shops.

Inventory:

Hand Weapons
 a - a +0 war axe (weapon)
Missiles
 A - 92 stones (quivered)
Armour
 b - a +0 scale mail (worn)
 c - a +0 shield (worn)
 e - a +0 pair of gloves (worn)
 m - a +0 plate armour
 y - a +0 cloak (worn)
Jewellery
 x - a ring of stealth (left hand)
 G - a +6 ring of strength {unknown}
Wands
 s - a wand of acid (7/15)
 H - a wand of lightning (2/15)
 I - a wand of polymorph (10/24)
Scrolls
 j - a scroll of enchant armour {unknown}
 l - 3 scrolls of fog {unknown}
 o - a scroll of amnesia {unknown}
 q - 3 scrolls of remove curse {unknown}
 r - 8 scrolls of identify
 u - 3 scrolls of teleportation
 z - a scroll of fear {unknown}
 E - a scroll of enchant weapon
 J - a scroll of magic mapping
 L - a scroll of vulnerability {unknown}
Potions
 d - 5 potions of might
 i - 2 potions of haste {unknown}
 k - 7 potions of curing {unknown}
 n - 2 potions of lignification {unknown}
 p - 2 potions of heal wounds {unknown}
 w - a potion of mutation {unknown}
 B - a potion of brilliance {unknown}
 C - 2 potions of flight {unknown}
 D - 2 potions of agility {unknown}
 K - a potion of resistance {unknown}
Books
 t - a book of Misfortune

   Spells                             Type                      Level
   a - Confusing Touch                Hexes                        1
   b - Confuse                        Hexes                        3
   c - Gell's Gravitas                Translocation                3
   d - Petrify                        Transmutation/Earth          4
   e - Metabolic Englaciation         Hexes/Ice                    5
   f - Yara's Violent Unravelling     Hexes/Transmutation          5
 v - a book of Clouds

   Spells                             Type                      Level
   a - Poisonous Vapours              Poison/Air                   2
   b - Mephitic Cloud                 Conjuration/Poison/Air       3
   c - Conjure Flame                  Conjuration/Fire             3
   d - Freezing Cloud                 Conjuration/Ice/Air          6
   e - Ring of Flames                 Charms/Fire                  7
 F - a book of Changes

   Spells                             Type                      Level
   a - Beastly Appendage              Transmutation                1
   b - Sticks to Snakes               Transmutation                2
   c - Spider Form                    Transmutation/Poison         3
   d - Ice Form                       Ice/Transmutation            4
   e - Blade Hands                    Transmutation                5
Comestibles
 f - 2 bread rations
 g - a royal jelly
 h - a meat ration


   Skills:
 + Level 5.4 Fighting
 + Level 7.5 Axes
 + Level 5.5 Armour
 + Level 4.1 Shields


You had 7 spell levels left.
You didn't know any spells.

Dungeon Overview and Level Annotations

Branches:
Dungeon (6/15)             Temple (1/1) D:6

Altars:
Cheibriados
Dithmenos
Fedhas
Gozag
Hepliaklqana
Kikubaaqudgha
Makhleb
Nemelex Xobeh
Qazlal
Sif Muna
Trog
Uskayaw
Vehumet
Xom
Zin
The Shining One

Shops:
D:4 ?}!*


Innate Abilities, Weirdness & Mutations

You are resistant to torment.
Your stone body is resilient. (AC +5)
You are immune to poison.
You resist negative energy. (rN+)
You are resistant to electric shocks. (rElec)
You can survive without breathing.
You are immune to petrification.
You are immune to rotting.


Message History

You kill the orc wizard!
The orc priest begins to cast a cantrip, but forgets the words!
Items here: $ ) [ † a dagger; a robe; 11 gold pieces; an orc corpse You block the orc warrior's attack.
You see here a tomahawk.
You completely miss the orc warrior.
The orc priest looks satisfied for a moment.
You block the orc warrior's attack.
You barely miss the orc warrior. The orc warrior hits you with a glaive.
You closely miss the orc warrior. You block the orc warrior's attack.
You closely miss the orc warrior.
The orc priest casts a cantrip, but nothing happens.
The orc warrior hits you but does no damage.
You hit the orc warrior but do no damage.
The orc priest calls down the wrath of Beogh upon you.
Beogh smites you! The orc warrior hits you with a glaive!
* * * LOW HITPOINT WARNING * * *
You closely miss the orc warrior. The orc warrior hits you with a glaive!
You die...

##...####***,*#.#****
...### *,*#.# .###
*,*#(## .# *,*#.o# .#
*,*##Z# .# *,* #o#
.##### *,* #o#
.#...## *,* #o#
......## *,* #@#
.......# *,* #)#
.....>.# *,* #(#
.......# *,* #.#
.8....## **,* #.##
⌠......# *,,* #..#
.8.....# *,** ##.#
⌠......# *,* #.##
.8....## *,* #..#


You could see an orc warrior, an orc priest, 2 orcs and an adder skeleton.

Vanquished Creatures
  A sky beast (D:6)
  A big kobold (Sewer)
  3 bullfrogs (D:6)
  A scorpion (D:4)
  A bullfrog zombie (D:6)
  2 crimson imps
  2 hounds
  Crazy Yiuf (D:3)
  A bullfrog skeleton (D:4)
  3 orc priests (D:6)
  7 orc wizards
  Natasha (thrice) (D:2)
  A worker ant (D:6)
  A hound skeleton (D:4)
  3 adders (Sewer)
  7 river rats (Sewer)
  2 shadow imps
  An ooze (D:1)
  An adder skeleton (D:4)
  An adder zombie (D:6)
  3 worms
  4 dart slugs
  3 leopard geckos
  19 orcs
  4 giant cockroaches
  11 goblins
  8 hobgoblins
  6 jackals
  A quokka (D:6)
  6 ball pythons
  8 bats
  17 frilled lizards
  A giant cockroach zombie (D:5)
  19 kobolds
  22 rats
175 creatures vanquished.

Notes
Turn   | Place    | Note
-------+----------+-------------------------------------------
     0 | D:1      | ReteAZ the Gargoyle Fighter began the quest for the Orb.
     0 | D:1      | Reached XP level 1. HP: 14/14 MP: 1/1
   178 | D:1      | Reached skill level 2 in Axes
   253 | D:1      | Reached XP level 2. HP: 19/19 MP: 2/2
   680 | D:1      | Reached skill level 3 in Axes
   807 | D:2      | Reached XP level 3. HP: 23/23 MP: 3/3
   915 | D:2      | Noticed Natasha
   920 | D:2      | Killed Natasha
   944 | D:2      | Reached XP level 4. HP: 24/28 MP: 4/4
   975 | D:2      | Noticed Natasha
   987 | D:2      | Killed Natasha
   987 | D:2      | Reached skill level 4 in Axes
  1011 | D:2      | Noticed Natasha
  1016 | D:2      | Killed Natasha
  1046 | D:2      | Found a faded altar of an unknown god.
  1154 | D:2      | Reached XP level 5. HP: 31/32 MP: 5/5
  1648 | D:3      | Reached skill level 5 in Axes
  1671 | D:3      | Found a runed door.
  2180 | D:3      | Found a bloodstained altar of Trog.
  2521 | D:3      | Noticed Crazy Yiuf
  2529 | D:3      | Killed Crazy Yiuf
  2529 | D:3      | Reached XP level 6. HP: 16/37 MP: 3/6
  2920 | D:4      | Found a glowing drain.
  2931 | Sewer    | Entered a sewer
  2968 | Sewer    | Reached skill level 6 in Axes
  3500 | Sewer    | Reached XP level 7. HP: 34/41 MP: 7/7
  3727 | D:4      | Found Rovate's Gadget Boutique.
  3729 | D:4      | Found Wiph's Magic Scroll Boutique.
  3730 | D:4      | Found Coucval's Distillery.
  3736 | D:4      | Found Ciekk's Assorted Antiques.
  3770 | D:4      | Bought a scroll of magic mapping for 42 gold pieces
  3770 | D:4      | Bought a scroll of enchant weapon for 90 gold pieces
  3770 | D:4      | Bought a scroll of identify for 24 gold pieces
  3770 | D:4      | Bought a scroll of teleportation for 36 gold pieces
  4386 | D:5      | Entered Level 5 of the Dungeon
  4399 | D:5      | Found a hazy altar of Hepliaklqana.
  4544 | D:6      | Found a staircase to the Ecumenical Temple.
  4574 | D:6      | Reached skill level 7 in Axes
  4612 | Temple   | Entered the Ecumenical Temple
  4712 | D:6      | Reached skill level 5 in Armour
  4712 | D:6      | Reached XP level 8. HP: 31/48 MP: 8/8
  4960 | D:6      | Reached skill level 5 in Fighting
  5357 | D:6      | Slain by an orc warrior

Skill      XL: |  1  2  3  4  5  6  7  8 |
---------------+-------------------------+-----
Axes           | 2 3 4 5 6 7 |  7.5
Armour         | 5 |  5.5
Fighting       | 4 5 |  5.4
Shields        | 4 |  4.1

Action                   |  1- 3 |  4- 6 |  7- 9 || total
-------------------------+-------+-------+-------++-------
Melee: War axe           |    82 |   405 |   227 ||   714
Throw: Stone             |       |     3 |       ||     3
  Use: Scroll            |       |       |     2 ||     2
  Eat: Chunk             |       |     9 |     7 ||    16
Armor: Scale mail        |    39 |   228 |   135 ||   402
Dodge: Dodged            |    21 |   121 |    50 ||   192
Block: Shield            |    43 |   200 |    95 ||   338
